 Dungeon Crawl Stone Soup version 0.25.0-26-g0c896c7 (webtiles) character file.

Game seed: 1382425602693241549

14520 Cheivey the Carver (level 11, -2/95 HPs)
             Began as a Minotaur Fighter on July 4, 2020.
             Was a Priest of Yredelemnul.
             Killed from afar by an ice statue (36 damage)
             ... with a shard of ice
             ... in an ice cave.
             The game lasted 00:28:04 (11603 turns).

Cheivey the Carver (Minotaur Fighter)              Turns: 11603, Time: 00:28:05

Health: -2/95      AC: 20    Str: 25    XL:     11   Next: 89%
Magic:  12/12      EV:  7    Int:  5    God:    Yredelemnul [***...]
Gold:   120        SH: 11    Dex:  8    Spells: 10/10 levels left

rFire    . . .     SeeInvis +   d - +9 sword of Zonguldrok {reap}
rCold    . . .     Gourm    .   c - +0 kite shield
rNeg     . . .     Faith    .   w - +1 plate armour
rPois    +         Spirit   .   (helmet restricted)
rElec    +         Reflect  .   t - +0 cloak
rCorr    .         Harm     .   (no gloves)
MR       +....                  m - +1 pair of boots
Stlth    ..........             D - amulet of regeneration
HPRegen  0.65/turn              C - ring of protection from magic
MPRegen  0.13/turn              B - ring of Hiapnuh {rPois Str+2 Dex-3 SInv}

@: no status effects
A: retaliatory headbutt, horns 2, molten scales 1, low mp 1, electricity
resistance
a: Recall Undead Slaves, Injury Mirror, Animate Dead, Renounce Religion


You were in an ice cave.
You worshipped Yredelemnul.
Yredelemnul was most pleased with you.
You were not hungry.

You visited 2 branches of the dungeon, and saw 13 of its levels.
You also visited: Ice Cave.

You collected 853 gold pieces.
You spent 733 gold pieces at shops.

Inventory:

Hand Weapons
 a - a +1 trident
 d - the +9 sword of Zonguldrok (weapon) {reap}
   (You took it off an orc on level 5 of the Dungeon)

   If a monster killed with it leaves a corpse in good enough shape, the corpse
   will be animated as a zombie friendly to the killer.
Armour
 b - a +0 scale mail
 c - a +0 kite shield (worn)
 m - a +1 pair of boots (worn)
 t - a +0 cloak (worn)
 w - a +1 plate armour (worn)
Jewellery
 o - an uncursed ring of protection from magic
 u - an uncursed ring of flight
 B - the ring of Hiapnuh (right hand) {rPois Str+2 Dex-3 SInv}
   (You bought it in a shop on level 9 of the Dungeon)

   [ring of see invisible]

   It affects your strength (+2).
   It affects your dexterity (-3).
   It protects you from poison.
   It lets you see invisible.
 C - a ring of protection from magic (left hand)
 D - an amulet of regeneration (around neck)
Wands
 h - a wand of random effects (17)
 i - a wand of paralysis (9)
 n - a wand of acid (21)
 y - a wand of disintegration (19)
 A - a wand of polymorph (9)
Scrolls
 e - 10 scrolls of remove curse
 q - 5 scrolls of teleportation
 r - a scroll of identify
 s - 4 scrolls of enchant weapon
 z - a scroll of amnesia
Potions
 g - a potion of cancellation
 j - 2 potions of brilliance
 k - a potion of ambrosia
 l - 2 potions of stabbing
 p - 2 potions of magic
 v - a potion of flight
 x - 2 potions of curing
 F - 2 potions of resistance
 G - 2 potions of heal wounds
 H - 2 potions of might
Comestibles
 f - 19 rations
 E - 2 chunks of flesh


   Skills:
 + Level 8.8 Fighting
 * Level 14.9 Long Blades
 - Level 6.5 Polearms
 + Level 8.9 Armour
 + Level 3.8 Dodging
 - Level 0.1 Stealth
 + Level 8.7 Shields
 * Level 5.4 Invocations


You had 10 spell levels left.
You didn't know any spells.
Your spell library contained the following spells:

 Spells                   Type           Power        Failure   Level  Hunger
 Summon Butterflies       Summ           #.......     100%        1    ##.....
 Call Canine Familiar     Summ           #.......     100%        3    ####...
 Summon Ice Beast         Ice/Summ       #.......     100%        4    #####..
 Summon Mana Viper        Hex/Summ       #.......     100%        5    ######.
 Summon Hydra             Summ           #.........   100%        7    #######


Dungeon Overview and Level Annotations

Branches:
Dungeon (12/15)            Temple (1/1) D:7            Lair (0/6) D:11
  IceCv (1/1)
    Orc: D:9-12

Altars:
Ashenzari
Cheibriados
Dithmenos
Elyvilon
Fedhas
Gozag
Hepliaklqana
Kikubaaqudgha
Makhleb
Nemelex Xobeh
Okawaru
Qazlal
Ru
Sif Muna
Trog
Uskayaw
Vehumet
Wu Jian
Xom
Yredelemnul
Zin
The Shining One

Shops:
D:4 %   D:5 =   D:9 =   D:11 =

Annotations:
D:6 1 runed translucent door, Crazy Yiuf
D:10 Sonja IceCv exclusion: ice statue


Innate Abilities, Weirdness & Mutations

You reflexively headbutt those who attack you in melee.
You have a pair of horns on your head.
You are partially covered in molten scales. (AC +2)
Your magical capacity is low. (-10% MP)
You are resistant to electric shocks. (rElec)


Message History

Eating one of 3 chunks of flesh.
You eat one of the 3 chunks of flesh.
This raw flesh tastes terrible.
You see here 2 potions of mutation.
F - 2 potions of resistance (gained 1)
Things that are here:
a cursed +0 great sword; a cursed -1 robe An ice statue comes into view.
The ice statue gestures at you. The shard of ice misses you.
Marking area around an ice statue as unsafe for travelling.
Really walk into a travel-excluded area?
The ice statue gestures at you. The shard of ice hits you!!
The ice statue gestures at you. The freezing blast engulfs you!!
You are engulfed in freezing vapours.
The ice statue gestures at you. The shard of ice hits you!!!
You die...
Your body rises from the dead as a mindless zombie.

### ...## ...## #..##
#..### ###☼☼@8##
###..○§☼..# ###
###...§§○☼### #.###
##......Z.## #####...#
#.......#######.......###
#.......###.......###...#
##.....#........###
###.## ##............##
#..# ##..........## ##.#


You could see an ice statue and a friendly polar bear zombie.

Vanquished Creatures
  A hydra (D:11)
  2 two-headed ogres
  An unseen horror (D:8)
  Pikel (D:6)
  2 cyclopes (D:11)
  A kobold demonologist (D:11)
  2 trolls (D:9)
  The ghost of sherwoodinc the Covert, a novice SpEn of Wu Jian (D:6)
  5 polar bears (IceCv)
  A meliai zombie (D:10)
  4 hippogriffs
  A spriggan (D:7)
  8 yaks
  A hungry ghost (D:6)
  2 wraiths (D:11)
  Grum (D:8)
  A steam dragon (D:7)
  Menkaure (D:7)
  Duvessa (D:7)
  3 orc warriors
  A black bear (D:6)
  3 ice beasts
  4 sky beasts
  11 wolves
  3 centaurs
  6 ogres
  2 crocodiles
  A big kobold (D:11)
  2 bullfrogs
  A gnoll sergeant (D:10)
  Dowan (D:7)
  4 scorpions
  5 killer bees (D:9)
  11 wights
  3 crimson imps
  2 quasits
  An orc priest (D:8)
  4 jellies
  2 centaur skeletons
  A bullfrog skeleton (D:10)
  6 hounds
  7 orc wizards
  4 iguanas
  11 worker ants
  A killer bee zombie (D:9)
  A hound zombie (D:7)
  A hound skeleton (D:10)
  A howler monkey skeleton (D:9)
  A howler monkey zombie (D:9)
  10 gnolls
  4 adders
  A shadow imp (D:10)
  An ooze (D:7)
  2 adder skeletons
  6 worms
  3 dart slugs (D:1)
  9 leopard geckos
  30 orcs
  7 bats
  9 giant cockroaches
  10 goblins
  5 hobgoblins
  6 jackals
  14 kobolds
  2 quokkas (D:3)
  2 ball pythons
  5 frilled lizards
  A giant cockroach zombie (D:6)
  7 rats
275 creatures vanquished.

Vanquished Creatures (collateral kills)
  An ugly thing (D:9)
  A polar bear (IceCv)
  A phantom (D:8)
  An ogre (D:9)
  A bullfrog (D:12)
  A wight (D:12)
  An electric eel (D:8)
  A bullfrog skeleton (D:9)
  A worker ant (D:9)
  A gnoll (D:10)
10 creatures vanquished.

Vanquished Creatures (others)
  A centaur (D:6)
  A wight (IceCv)
  A worker ant (D:6)
3 creatures vanquished.

Grand Total: 288 creatures vanquished

Notes
Turn   | Place    | Note
-------+----------+-------------------------------------------
     0 | D:1      | Cheivey the Minotaur Fighter began the quest for the Orb.
     0 | D:1      | Reached XP level 1. HP: 19/19 MP: 0/0
    77 | D:1      | Reached XP level 2. HP: 25/27 MP: 1/1
   624 | D:2      | Reached XP level 3. HP: 27/33 MP: 2/2
   890 | D:2      | Found a hide-covered altar of Uskayaw.
   975 | D:2      | Found a shadowy altar of Dithmenos.
  1315 | D:2      | Reached XP level 4. HP: 40/40 MP: 3/3
  2521 | D:3      | Gained mutation: Your magical capacity is low. (-10% MP)
                  | [potion of mutation]
  2521 | D:3      | Gained mutation: You are partially covered in molten
                  | scales. (AC +2) [potion of mutation]
  2521 | D:3      | Gained mutation: You are resistant to electric shocks.
                  | (rElec) [potion of mutation]
  2642 | D:4      | Found a shattered altar of Ashenzari.
  2776 | D:4      | Reached XP level 5. HP: 46/46 MP: 3/3
  2837 | D:4      | Found a sacrificial altar of Ru.
  3058 | D:4      | Reached skill level 5 in Armour
  3058 | D:4      | Reached skill level 1 in Dodging
  3435 | D:4      | Reached skill level 5 in Polearms
  3538 | D:4      | Reached XP level 6. HP: 52/52 MP: 4/4
  3618 | D:4      | Found Orofekk's Food Shoppe.
  3716 | D:5      | Entered Level 5 of the Dungeon
  3721 | D:5      | Reached skill level 5 in Shields
  3742 | D:5      | Noticed a sky beast
  3757 | D:5      | Killed a sky beast
  3821 | D:5      | Found a stormy altar of Qazlal.
  3866 | D:5      | Noticed an ice beast
  3881 | D:5      | Reached XP level 7. HP: 45/60 MP: 5/5
  3989 | D:5      | Reached skill level 1 in Long Blades
  4115 | D:5      | Reached skill level 5 in Fighting
  4159 | D:5      | Reached skill level 2 in Long Blades
  4186 | D:5      | Found Uxzereof's Jewellery Emporium.
  4357 | D:5      | Reached skill level 3 in Long Blades
  4357 | D:5      | Reached XP level 8. HP: 68/68 MP: 6/6
  4659 | D:6      | Found a runed translucent gate.
  4659 | D:6      | Found a runed translucent gate.
  4663 | D:6      | Found an opulent altar of Gozag.
  4679 | D:6      | Found a runed translucent gate.
  4681 | D:6      | Noticed sherwoodinc's ghost (novice SpEn)
  4696 | D:6      | Reached skill level 4 in Long Blades
  4707 | D:6      | Reached skill level 5 in Long Blades
  4770 | D:6      | Reached skill level 6 in Long Blades
  4894 | D:6      | Noticed Pikel
  4908 | D:6      | Killed Pikel
  4908 | D:6      | Reached skill level 8 in Long Blades
  4908 | D:6      | Reached XP level 9. HP: 72/75 MP: 7/7
  5125 | D:6      | Found a runed translucent door.
  5126 | D:6      | Noticed Crazy Yiuf
  5283 | D:6      | Killed sherwoodinc's ghost
  5283 | D:6      | Reached skill level 9 in Long Blades
  5559 | D:7      | Noticed Menkaure
  5564 | D:7      | Killed Menkaure
  5564 | D:7      | Reached skill level 10 in Long Blades
  5638 | D:7      | Found a staircase to the Ecumenical Temple.
  5642 | D:7      | Noticed Duvessa
  5643 | D:7      | Noticed Dowan
  5648 | Temple   | Entered the Ecumenical Temple
  5839 | Temple   | Became a worshipper of Yredelemnul the Dark
  5852 | D:7      | Killed Duvessa
  5854 | D:7      | Killed Dowan
  6251 | D:7      | Reached skill level 1 in Invocations
  6473 | D:8      | Noticed Grum
  6483 | D:8      | Killed Grum
  6512 | D:8      | Reached skill level 11 in Long Blades
  6582 | D:8      | Reached * piety under Yredelemnul
  7000 | D:8      | Killed an unseen horror
  7000 | D:8      | Reached XP level 10. HP: 38/84 MP: 9/9
  7237 | D:8      | Noticed a two-headed ogre
  7246 | D:8      | Killed a two-headed ogre
  7530 | D:8      | Found an ornate altar of the Wu Jian Council.
  7877 | D:8      | Got a thick robe
  7878 | D:8      | Identified the cursed +0 robe of Lightning Storm {rCorr
                  | Str+2} (You found it on level 8 of the Dungeon)
  7905 | D:9      | Reached skill level 12 in Long Blades
  8186 | D:9      | Reached ** piety under Yredelemnul
  8656 | D:9      | Reached skill level 13 in Long Blades
  8657 | D:9      | Noticed a white ugly thing
  8669 | D:9      | Killed a white ugly thing
  8669 | D:9      | Reached XP level 11. HP: 18/93 MP: 11/11
  9250 | D:9      | Found Estet's Jewellery Emporium.
  9253 | D:9      | Bought the ring of Hiapnuh {rPois Str+2 Dex-3 SInv} for 313
                  | gold pieces
  9451 | D:9      | Found a glowing golden altar of the Shining One.
  9530 | D:10     | Entered Level 10 of the Dungeon
  9531 | D:10     | Found a basalt altar of Yredelemnul.
  9575 | D:10     | Noticed a two-headed ogre
  9579 | D:10     | Killed a two-headed ogre
  9644 | D:10     | Noticed Sonja
  9884 | D:11     | Found a sacrificial altar of Ru.
  9906 | D:11     | Found Uwosa's Jewellery Shop.
  9918 | D:11     | Bought an uncursed amulet of regeneration for 420 gold
                  | pieces
 10103 | D:11     | Reached *** piety under Yredelemnul
 10175 | D:11     | Noticed a four-headed hydra
 10188 | D:11     | Killed a five-headed hydra
 10374 | D:11     | Noticed a seven-headed hydra
 10510 | D:11     | Reached skill level 14 in Long Blades
 10539 | D:11     | Found a staircase to the Lair.
 10827 | D:11     | Reached skill level 5 in Invocations
 10993 | D:11     | Received a gift from Yredelemnul (5 flying skulls)
 11354 | D:12     | Found a frozen archway.
 11362 | IceCv    | Entered an ice cave
 11385 | IceCv    | Received a gift from Yredelemnul (a wight)
 11603 | IceCv    | Killed from afar by an ice statue

Illustrated notes

Levels and vault maps discovered:
D:1:      lordsloth_arrival_two_stooges, layout_rooms, corexii_leaking_fountain,
          minmay_misc_feat_ornament
D:2:      layout_basic, eat_drink_and_be_merry_uskayaw, grunt_dithmenos_smoke,
          kennysheep_generic_room_5
D:3:      layout_basic, minmay_stone_trees_small
D:4:      layout_basic, nicolae_ashenzari_panopticon, nicolae_ru_awakened_eye,
          serial_shops, shop, first_ration
D:5:      layout_basic, nicolae_overflow_crystal_walls, serial_shops,
          shop_statue
D:6:      layout_basic, ebering_ghost_gozag, uniq_crazy_yiuf_cottage, uniq_pikel
D:7:      layout_gridville, minmay_temple_entry_statues_pillars, minivault_26,
          the_bakery, uniq_duvessa, uniq_menkaure
D:8:      layout_cave_pools, lemuel_round_altar, enter_bailey_3,
          serial_bayou_ford_a, amethyst_killhole, uniq_grum
D:9:      layout_basic, serial_shops, kennysheep_mini_moat, tso_metal_star
D:10:     layout_loops_ring, basic_altar, grunt_decor_one_mirror, minivault_19,
          uniq_sonja, uniq_psyche
D:11:     layout_loops_corners, lair_entry_dummy, serial_shops, shop_coins,
          basic_altar
D:12:     layout_loops_ring, orc_0_dummy, portal_ice_cave_entry_pillars_2
Temple:   eino_temple_scatter_basement
IceCv:    ice_cave_small_giant

Skill      XL: |  1  2  3  4  5  6  7  8  9 10 11 |
---------------+----------------------------------+-----
Shields        | 4 5 6 7 8 |  8.7
Armour         | 4 5 6 7 8 |  8.9
Polearms       | 3 4 5 6 |  6.5
Fighting       | 4 5 6 7 8 |  8.8
Dodging        | 1 2 3 |  3.8
Long Blades    | 3 8 11 13 14 | 14.9
Invocations    | 2 4 5 |  5.4
Stealth        | |  0.1

Action                   |  1- 3 |  4- 6 |  7- 9 | 10-12 || total
-------------------------+-------+-------+-------+-------++-------
Melee: Trident           |    99 |   175 |     8 |       ||   282
       Headbutt          |    13 |    18 |    29 |    53 ||   113
       Double sword      |       |       |   162 |   281 ||   443
Invok: Recall Undead Sla |       |       |       |     1 ||     1
  Use: Potion            |     3 |     7 |    11 |     2 ||    23
       Scroll            |     2 |     9 |     4 |     6 ||    21
  Eat: Chunk             |     1 |     9 |     1 |     5 ||    16
       Ration            |       |       |     3 |     3 ||     6
Armor: Scale mail        |    26 |    71 |   101 |    28 ||   226
       Plate armour      |       |       |       |   112 ||   112
Dodge: Dodged            |    20 |    48 |    48 |    89 ||   205
Block: Kite shield       |    33 |    73 |    96 |   168 ||   370
       Rpst.: Double sword |       |       |     9 |    12 ||    21
